AoeStats
← HAKUNA MATATA

African Clearing

504273503Analyzed
4v4 RM · 28d ago on Sep 4, 2026· 56m 21s· 8 players
Game mode
Random Map
Map size
Large (8 player)
Population
200
Speed
Normal
Resources
Standard
Victory
Conquest
Starting age
Dark Age
Ending age
Imperial Age
RankedLock teamsTeams togetherTeam positionsShared explorationLock speedFull tech treeHidden civsTurbo modeCheats
Victory
Defeat
🇮🇳 Vietnamese · India
1643
+7
🇭🇰 Berbers · Hong Kong SAR China
1472
+14
🇦🇷 Franks · Argentina
1406
+17
🇹🇷 Britons · Türkiye
1284
+22
🇭🇰 Jurchens · Hong Kong SAR China
1485
-18
🇭🇰 Mongols · Hong Kong SAR China
1461
-16
🇭🇰 Britons · Hong Kong SAR China
1458
-16
🇭🇰 Aztecs · Hong Kong SAR China
1321
-10
羅敏莊
5:52 Loom
14:32 Feudal Age
16:09 Double-Bit Axe
19:11 Castle Age
17:15 Horse Collar
21:01 Bow Saw
20:53 Heavy Plow
22:42 Wheelbarrow
39:57 Fletching
42:12 Masonry
42:27 Fortified Bastions
43:38 Ballistics
46:07 Murder Holes
58:01 Imperial Age
55:35 Gold Mining
56:08 Bloodlines
56:02 Husbandry
王老吉字花檔
3:38 Loom
14:24 Feudal Age
16:17 Double-Bit Axe
19:42 Castle Age
17:58 Horse Collar
19:11 Gold Mining
19:12 Stone Mining
19:18 Gold Mining
21:49 Town Watch
35:23 Wheelbarrow
36:31 Bow Saw
37:45 Hand Cart
50:18 Imperial Age
52:05 Heavy Plow
54:58 Fervor
55:09 Sanctity
evi
3:09 Loom
12:41 Feudal Age
16:57 Scale Barding Armor
19:10 Bloodlines
23:59 Castle Age
22:23 Double-Bit Axe
22:30 Gold Mining
25:51 Wheelbarrow
25:54 Bow Saw
25:35 Fletching
26:42 Bodkin Arrow
30:52 Horse Collar
36:32 Imperial Age
37:16 Gold Shaft Mining
37:17 Hand Cart
37:41 Bracer
37:42 Padded Archer Armor
38:59 Parthian Tactics
40:02 Conscription
40:06 Elite Mangudai
40:59 Stone Mining
43:34 Chemistry
43:52 Leather Archer Armor
46:04 Ballistics
45:56 Thumb Ring
46:57 Onager
49:45 Capped Ram
52:22 Chain Barding Armor
52:13 Forging
局長
7:22 Loom
12:40 Feudal Age
13:11 Double-Bit Axe
14:56 Fletching
16:10 Padded Archer Armor
23:40 Castle Age
21:37 Stone Mining
22:07 Gold Mining
24:51 Wheelbarrow
25:12 Bow Saw
25:21 Bodkin Arrow
26:13 Leather Archer Armor
29:33 Ballistics
32:37 Scale Barding Armor
34:03 Husbandry
36:02 Chain Barding Armor
35:53 Forging
37:06 Hand Cart
40:32 Iron Casting
44:38 Imperial Age
43:17 Horse Collar
44:22 Gold Shaft Mining
44:59 Cavalier
46:09 Conscription
47:56 Plate Barding Armor
48:22 Blast Furnace
50:59 Pikeman
51:31 Light Cavalry
52:09 Town Watch
52:45 Squires
52:32 Arson
52:48 Scale Mail Armor
53:51 Two-Man Saw
52:53 Heavy Plow
52:48 Halberdier
Bear
5:58 Loom
15:16 Feudal Age
22:48 Castle Age
27:39 Pikeman
28:55 Squires
32:05 Scale Mail Armor
34:35 Wheelbarrow
35:20 Chain Mail Armor
47:03 Hand Cart
52:43 Caravan
54:49 Double-Bit Axe
распродаж
14:21 Feudal Age
18:13 Castle Age
17:02 Double-Bit Axe
17:12 Horse Collar
18:07 Loom
19:40 Bow Saw
22:04 Fletching
23:36 Town Watch
26:30 Heavy Plow
27:09 Wheelbarrow
28:17 Bodkin Arrow
28:47 Padded Archer Armor
30:45 Ballistics
38:31 Imperial Age
36:25 Stone Mining
37:25 Gold Mining
37:51 Leather Archer Armor
38:48 Heavy Plow
39:14 Bloodlines
39:04 Husbandry
39:57 Bracer
41:29 Elite Camel Archer
42:31 Conscription
43:27 Hand Cart
43:43 Crop Rotation
43:49 Gold Shaft Mining
44:06 Light Cavalry
44:52 Scale Barding Armor
44:57 Forging
45:34 Hussar
46:35 Chain Barding Armor
46:46 Ring Archer Armor
48:31 Plate Barding Armor
48:30 Maghrebi Camels
49:07 Iron Casting
49:47 Hoardings
52:38 Blast Furnace
55:17 Town Patrol
HAKUNA MATATA
9:30 Loom
9:39 Loom
11:56 Feudal Age
13:30 Town Watch
15:13 Double-Bit Axe
15:10 Horse Collar
20:55 Padded Archer Armor
24:26 Horse Collar
36:14 Castle Age
38:09 Bow Saw
38:02 Heavy Plow
40:49 Fletching
46:02 Wheelbarrow
48:36 Imperial Age
46:23 Bodkin Arrow
47:25 Leather Archer Armor
48:56 Ballistics
49:18 Bracer
49:49 Ring Archer Armor
51:29 Chemistry
50:02 Elite Longbowman
51:07 Yeomen
51:40 Ring Archer Armor
52:21 Conscription
54:13 Chemistry
53:16 Scale Mail Armor
53:26 Forging
53:20 Squires
53:05 Arson
53:06 Gambesons
54:15 Chain Mail Armor
54:10 Forging
54:01 Pikeman
56:12 Plate Mail Armor
55:54 Halberdier
56:19 Arson
NoisyBuoy
12:06 Feudal Age
11:03 Loom
13:23 Double-Bit Axe
16:19 Castle Age
14:54 Town Watch
15:30 Gold Mining
17:20 Bow Saw
17:35 Horse Collar
18:27 Fletching
22:13 Bodkin Arrow
24:24 Padded Archer Armor
28:46 Ballistics
29:12 Horse Collar
30:09 Wheelbarrow
33:13 Hand Cart
33:21 Leather Archer Armor
36:31 Imperial Age
34:15 Stone Mining
36:11 Thumb Ring
36:23 Leather Archer Armor
36:46 Coinage
36:51 Herbal Medicine
37:25 Bracer
38:30 Two-Man Saw
38:31 Chemistry
37:53 Treadmill Crane
38:10 Murder Holes
38:34 Heavy Plow
39:15 Banking
41:36 Bloodlines
41:26 Husbandry
41:42 Elite Rattan Archer
43:19 Crop Rotation
44:48 Ring Archer Armor
44:57 Guilds
45:24 Hoardings
46:59 Scale Barding Armor
47:01 Elite Battle Elephant
48:42 Chain Barding Armor
48:56 Chatras
51:10 Plate Barding Armor
50:46 Forging
53:14 Town Patrol
53:52 Devotion
55:17 Iron Casting
55:03 Siege Engineers
55:54 Bombard Tower
Connection lost

Rejoining the realm…

Still unreachable

The connection could not be restored.

Session expired

The server has moved on; the page needs a fresh start.